[Event "African Championship"]
[Site "followchess.com"]
[Date "2021.05.25"]
[Round "7"]
[White "Amin, Bassem"]
[Black "Rakotomaharo, Fy Antenaina"]
[Result "1-0"]
[ECO "A07"]
[WhiteElo "2701"]
[BlackElo "2429"]
[PlyCount "53"]
[EventDate "2021.??.??"]
[TimeControl "7200+30"]
[WhiteClock "0:00:38"]
[BlackClock "0:12:17"]

1. Nf3 d5 2. g3 Nc6 3. d4 Bf5 4. Bg2 Nb4 5. Na3 e6 6. O-O h5 7. c3 Nc6 8. Qb3 a6 9. Ne5 Bxa3 10. Nxc6 bxc6 11. Qxa3 h4 12. Qa5 Ne7 13. Bf4 Ra7 14. b3 f6 15. Rae1 Kf7 16. c4 g5 17. Bc1 Rb7 18. Ba3 hxg3 19. fxg3 Bh3 20. Bxh3 Rxh3 21. e4 dxc4 22. Rxf6+ Kxf6 23. Rf1+ Kg6 24. Qe5 Ng8 25. Rf8 Qxf8 26. Bxf8 Nf6 27. Be7 1-0

[Event "African Championship"]
[Site "followchess.com"]
[Date "2021.05.25"]
[Round "7"]
[White "Barrish, Daniel"]
[Black "Nassr, Ali"]
[Result "1-0"]
[ECO "D45"]
[WhiteElo "2306"]
[BlackElo "2232"]
[PlyCount "93"]
[EventDate "2021.??.??"]
[TimeControl "7200+30"]
[WhiteClock "0:19:56"]
[BlackClock "0:12:24"]

1. d4 d5 2. c4 c6 3. Nc3 Nf6 4. Nf3 e6 5. e3 Nbd7 6. Qc2 Bd6 7. Bd3 O-O 8.
O-O h6 9. b3 b6 10. Bb2 Bb7 11. Rfd1 Qe7 12. Rac1 Rac8 13. Qe2 Rfe8 14. cxd5 exd5 15. Nh4 g6 16. g3 Nf8 17. Re1 Ne4 18. Ng2 Nh7 19. f3 Nxc3 20. Bxc3 Bb4 21. Bxb4 Qxb4 22. Qb2 Qd6 23. b4 Re7 24. Rf1 Rce8 25. a4 Bc8 26. Rc3 Bh3 27. Rfc1 Bxg2 28. Kxg2 Rxe3 29. Rxc6 Qd7 30. Rc7 Qd6 31. R1c6 Qf8 32. Bb5 Ra8 33. Qc2 Qg7 34. Qd2 Ra3 35. Qb2 Re3 36. Rd6 Ng5 37. Bc6 Rf8 38. Bxd5 Rfe8 39. Rc2 Qf8 40. Rxg6+ Kh7 41. Rf6 Qe7 42. Rf5 Qd7 43. g4 R8e7 44. h4 Ne6 45. Bxe6 fxe6 46. Re5 Rd3 47. Rd2 1-0

[Event "African Championship"]
[Site "followchess.com"]
[Date "2021.05.25"]
[Round "7"]
[White "Bellahcene, Bilel"]
[Black "Mhango, Banele"]
[Result "1-0"]
[ECO "B98"]
[WhiteElo "2508"]
[BlackElo "2117"]
[PlyCount "83"]
[EventDate "2021.??.??"]
[TimeControl "7200+30"]
[WhiteClock "0:36:25"]
[BlackClock "0:28:26"]

1. e4 c5 2. Nf3 d6 3. d4 cxd4 4. Nxd4 Nf6 5. Nc3 a6 6. Bg5 e6 7. f4 Be7 8. Qf3 Qc7 9. O-O-O h6 10. Bh4 Nbd7 11. Bd3 g5 12. fxg5 Ne5 13. Qe2 Nfg4 14. Nf3 Nxf3 15. gxf3 hxg5 16. fxg4 Rxh4 17. Rdf1 Bd7 18. Kb1 Bc6 19. Rf3 Rh7 20. Nd5 Qd8 21. Rhf1 Rg7 22. Rh3 Kd7 23. Nxe7 Qxe7 24. e5 d5 25. Qf2 Kc7 26. Rf3 Rf8 27. Rf6 Qb4 28. h3 Qb6 29. Rxe6 Qxf2 30. Rxf2 Re8 31. Rxe8 Bxe8 32. Rf6 Rg8 33. c3 Rh8 34. Bf1 Rh7 35. Kc2 Bd7 36. Kd3 Be6 37. Kd4 Rh8 38. Bg2 b5 39. Rf3 Kb6 40. Bf1 a5 41. Bd3 Rc8 42. Rf6 1-0

[Event "African Championship"]
[Site "followchess.com"]
[Date "2021.05.25"]
[Round "7"]
[White "Chimkute Ronald"]
[Black "Talbi, Chafik"]
[Result "0-1"]
[ECO "D52"]
[WhiteElo "1955"]
[BlackElo "2244"]
[PlyCount "37"]
[EventDate "2021.??.??"]
[TimeControl "7200+30"]
[WhiteClock "0:55:55"]
[BlackClock "1:09:36"]

1. d4 Nf6 2. c4 e6 3. Nc3 d5 4. Bg5 Nbd7 5. e3 c6 6. Nf3 Bb4 7. Bd3 Qa5 8. Qc2 Ne4 9. Bxe4 dxe4 10. Qxe4 Bxc3+ 11. bxc3 Qxc3+ 12. Ke2 Qxc4+ 13. Qd3 Qxd3+ 14. Kxd3 b6 15. Bf4 Ba6+ 16. Kd2 c5 17. Bd6 cxd4 18. exd4 Nf6 19. h3 0-1

[Event "African Championship"]
[Site "followchess.com"]
[Date "2021.05.25"]
[Round "7"]
[White "Hesham, Abdelrahman"]
[Black "Osunfuyi, Abimbola"]
[Result "1-0"]
[ECO "D30"]
[WhiteElo "2400"]
[BlackElo "2246"]
[PlyCount "65"]
[EventDate "2021.??.??"]
[TimeControl "7200+30"]
[WhiteClock "0:04:22"]
[BlackClock "0:11:43"]

1. d4 d5 2. c4 c6 3. Nf3 Nf6 4. e3 e6 5. Bd3 Nbd7 6. O-O dxc4 7. Bxc4 b5 8.
Bd3 Bd6 9. a4 b4 10. Nbd2 O-O 11. e4 e5 12. Nc4 Qe7 13. Nxd6 Qxd6 14. Re1 Rd8 15. Bg5 c5 16. d5 Ba6 17. Qe2 Bxd3 18. Qxd3 Rdc8 19. Nd2 Ne8 20. Nc4 Qg6 21. Be7 f6 22. d6 Qf7 23. f4 exf4 24. e5 fxe5 25.
Nxe5 c4 26. Qd4 Nxe5 27. Rxe5 Nf6 28. Rf1 c3 29. Qxb4 Rab8 30. Rc5 Nd5 31. d7 Nxe7 32. Rxc8+ Rxc8 33. Qxe7 1-0

[Event "African Championship"]
[Site "followchess.com"]
[Date "2021.05.25"]
[Round "7"]
[White "Kawuma, Patrick"]
[Black "Fawzy, Adham"]
[Result "0-1"]
[ECO "A36"]
[WhiteElo "2323"]
[BlackElo "2473"]
[PlyCount "110"]
[EventDate "2021.??.??"]
[TimeControl "7200+30"]
[WhiteClock "1:05:21"]
[BlackClock "0:12:04"]

1. c4 c5 2. Nc3 Nc6 3. g3 g6 4. Bg2 Bg7 5. a3 e5 6. e4 Nge7 7. Nge2 d6 8. d3 a6 9. Rb1 Rb8 10. b4 cxb4 11. axb4 b5 12. cxb5 axb5 13. O-O O-O 14. Bg5 h6 15. Be3 Nd4 16. Qd2 Kh7 17. f4 Be6 18. Bf2 d5 19. Nxd4 exd4 20. Ne2 dxe4 21. dxe4 d3 22. Nc1 Ra8 23. e5 Ra3 24. Bc5 Nd5 25. Qb2 Rc3 26. Rf2 Rc2 27. Rxc2 dxc2 28. Qxc2 Bf5 29. Qb3 Nc3 30. Rb2 Na4 31. Bxf8 Nxb2 32. Qxb2 Qd1+ 33. Kf2 Bxf8 34. Ne2 Qa4 35. Nd4 Bd3 36. Qb3 Bc4 37. Qxa4 bxa4 38. Nc2 Bd3 39. Ne1 Bb1 40. Bd5 Bxb4 41. Bxf7 Bxe1+ 42. Kxe1 a3 43. Kd2 a2 44. Bxa2 Bxa2 45. Ke3 Be6 46. Kd4 Kg7 47. Kc5 Kf7 48. Kd6 h5 49. Kc6 Ke7 50. Kc7 Bd5 51. Kc8 g5 52. fxg5 Ke6 53. Kd8 Kxe5 54. h3 Be6 55. g4 Bxg4 0-1

[Event "African Championship"]
[Site "followchess.com"]
[Date "2021.05.25"]
[Round "7"]
[White "Masango, Spencer"]
[Black "Beukes, Dante M"]
[Result "1-0"]
[ECO "E97"]
[WhiteElo "2071"]
[BlackElo "2284"]
[PlyCount "59"]
[EventDate "2021.??.??"]
[TimeControl "7200+30"]
[WhiteClock "0:02:44"]
[BlackClock "0:33:13"]

1. Nf3 Nf6 2. c4 g6 3. Nc3 Bg7 4. e4 d6 5. d4 O-O 6. Be2 e5 7. O-O Nc6 8. d5 Ne7 9. b4 a5 10. Ba3 axb4 11. Bxb4 Re8 12. c5 dxc5 13. Bxc5 c6 14. Qb3 cxd5 15. Rfd1 Qc7 16. Bxe7 Qxe7 17. exd5 Ra3 18. Qb2 Qc5 19. Rac1 Ng4 20. Ne4 Qa7 21. Qb5 Rd8 22. Nfg5 Bd7 23. Qxd7 Rxd7 24. Rc8+ Bf8 25. Bxg4 h6 26. Bxd7 hxg5 27. d6 Rxa2 28. Bg4 f5 29. d7 fxe4 30. Rxf8+ 1-0

[Event "African Championship"]
[Site "followchess.com"]
[Date "2021.05.25"]
[Round "7"]
[White "Mwale, George"]
[Black "Mphungu, Gerrard"]
[Result "1/2-1/2"]
[ECO "D02"]
[WhiteElo "1982"]
[BlackElo "2096"]
[PlyCount "168"]
[EventDate "2021.??.??"]
[TimeControl "7200+30"]
[WhiteClock "0:13:03"]
[BlackClock "0:14:59"]

1. Nf3 d5 2. d4 Nf6 3. g3 c6 4. Bg2 Bf5 5. O-O e6 6. Nbd2 h6 7. b3 Nbd7 8. Bb2 Qa5 9. a3 Be7 10.
Ne5 Nxe5 11. dxe5 Nd7 12. e4 Bxe4 13. Bxe4 dxe4 14. Nc4 Qd8 15. Qg4 O-O 16. Rad1 Qc7 17. Qxe4 Nb6 18. Ne3 Rad8 19. Rde1 Rd7 20. Ng4 Rfd8 21. Re2 Rd1 22. Ree1 Rxe1 23. Rxe1 Qd7 24. Ne3 Bc5 25. Nf1 Qd5 26. Qf4 Bd4 27. c4 Qd7 28. Bc1 Bc3 29. Re3 Qd4 30.
Rf3 Qxf4 31. gxf4 Ba1 32. Bd2 Nc8 33. Kg2 Ne7 34. Be3 Nf5 35. Rh3 Bd4 36. Bxd4 Rxd4 37.
Ne3 Nxe3+ 38. Rxe3 a5 39. Kf3 a4 40. c5 Rd5 41. bxa4 Rxc5 42. Rb3 Rc4 43. Rxb7 Rxa4 44. Rb3 Kh7 45. Rc3 Kg6 46. Kg3 Kf5 47.
f3 g5 48. fxg5 hxg5 49. Rxc6 Rxa3 50. Rc7 Kg6 51. Rc5 Ra4 52. Rb5 Rf4 53. Rb7 Rf5 54. Rb4 Rxe5 55. h4 gxh4+ 56. Rxh4 Re2 57. Rg4+ Kf5 58. Rf4+ Kg6 59. Rg4+ Kf6 60. Rf4+ Ke7 61. Ra4 f5 62. Ra3 Kf6 63. f4 Kg6 64. Rb3 Kf7 65. Rb7+ Kf6 66. Rb3 Rc2 67. Ra3 Ke7 68. Rd3 Rc1 69. Kf3 Rh1 70. Kg2 Rh8 71. Kg3 Rd8 72. Ra3 Rc8 73. Rd3 Rc6 74. Kf3 Rd6 75. Ra3 Kd7 76. Ra7+ Kc6 77. Ra6+ Kc7 78. Ra3 Rc6 79. Rd3 Kb6 80. Re3 Kc5 81. Re5+ Kd6 82. Re3 Rc4 83. Ra3 Kd5 84. Re3 Re4 1/2-1/2

[Event "African Championship"]
[Site "followchess.com"]
[Date "2021.05.25"]
[Round "7"]
[White "Mwali, Chitumbo"]
[Black "Bwalya, Gillan"]
[Result "0-1"]
[ECO "A07"]
[WhiteElo "2285"]
[BlackElo "2405"]
[PlyCount "53"]
[EventDate "2021.??.??"]
[TimeControl "7200+30"]
[WhiteClock "0:28:38"]
[BlackClock "0:51:34"]

1. Nf3 d5 2. g3 Nc6 3. d4 Nf6 4. Bg2 Bf5 5. O-O e6 6. c4 Bd6 7. Nc3 h6 8. cxd5 exd5 9. Qb3 Na5 10. Qa4+ c6 11. Ne5 O-O 12. a3 Bxe5 13.
dxe5 Nd7 14. e4 dxe4 15. Nxe4 Nxe5 16. Bf4 Nd3 17. Nd6 Bg6 18. Bd2 Qxd6 19. Bxa5 Nxb2 20. Qb3 Nd3 21. Rfd1 Qc5 22. Rxd3 Bxd3 23. Bb4 Qb5 24. a4 Qb6 25. Qc3 Rfd8 26. Ba5 Qd4 27. Qxd4 0-1

[Event "African Championship"]
[Site "followchess.com"]
[Date "2021.05.25"]
[Round "7"]
[White "Mwangupili Francisco"]
[Black "Calicoca, Wilton Inacio"]
[Result "0-1"]
[ECO "D10"]
[WhiteElo "1897"]
[BlackElo "2122"]
[PlyCount "96"]
[EventDate "2021.??.??"]
[TimeControl "7200+30"]
[WhiteClock "0:31:05"]
[BlackClock "0:54:33"]

1. d4 d5 2. c4 c6 3. Nc3 Nf6 4. Bf4 e6 5. e3 Bd6 6. Bxd6 Qxd6 7. Nf3 Nbd7 8.
Bd3 dxc4 9. Bxc4 O-O 10. O-O b5 11. Bd3 a6 12. e4 e5 13. Re1 Re8 14. Ne2 g6 15. Qd2 exd4 16. Nexd4 c5 17. Nc2 Bb7 18. Rad1 Ne5 19. Nxe5 Qxe5 20. b3 Rad8 21. f4 Qb2 22. e5 Ne4 23. Qe3 Nc3 24. Rd2 Nd5 25. Qf2 Qc3 26. Be4 Nxf4 27. Rxd8 Rxd8 28. Bxb7 Nd3 29. Re3 c4 30. Be4 Nxf2 31. Rxc3 Nxe4 32. Re3 Rd1+ 33. Ne1 c3 34. Rxe4 c2 35. Kf2 c1=Q 36. Nf3 Qc5+ 37. Kg3 Rd3 38. Re2 Qd5 39. h3 g5 40. Kh2 Rxf3 41. gxf3 Qxf3 42. Rg2 Qf4+ 43. Kg1 Qxe5 44. Kf2 Qf4+ 45. Kg1 f5 46. Kh1 h5 47. a4 bxa4 48. bxa4 a5 0-1

[Event "African Championship"]
[Site "followchess.com"]
[Date "2021.05.25"]
[Round "7"]
[White "Paiva, Donaldo"]
[Black "Okonkwo, Ifeanyi"]
[Result "0-1"]
[ECO "A20"]
[WhiteElo "2230"]
[BlackElo "2029"]
[PlyCount "65"]
[EventDate "2021.??.??"]
[TimeControl "7200+30"]
[WhiteClock "0:12:12"]
[BlackClock "0:20:59"]

1. c4 e5 2. g3 Nf6 3. Bg2 Nc6 4. a3 d5 5. cxd5 Nxd5 6. d3 Be7 7. Nf3 O-O 8.
O-O Re8 9. Nc3 Nxc3 10. bxc3 Bf5 11. Nd2 Qd7 12. Rb1 Rab8 13. Re1 Bh3 14. Bh1 Be6 15. Qc2 Bd5 16. Nf3 Bc5 17. c4 Bxf3 18. exf3 Nd4 19. Qc3 Qf5 20. Be3 b6 21. f4 Rbd8 22. Be4 Qf6 23. fxe5 Rxe5 24. Bxd4 Bxd4 25. Qd2 g6 26. Kg2 Rde8 27. Re2 Kg7 28. a4 Qe7 29. Rbe1 Qd7 30. Qf4 Bc3 31. Rc1 Qd4 32. Rec2 Bb4 33. Bc6 0-1

[Event "African Championship"]
[Site "followchess.com"]
[Date "2021.05.25"]
[Round "7"]
[White "Wageih, Kareim"]
[Black "Silva, David"]
[Result "0-1"]
[ECO "E98"]
[WhiteElo "2425"]
[BlackElo "2296"]
[PlyCount "130"]
[EventDate "2021.??.??"]
[TimeControl "7200+30"]
[WhiteClock "0:17:55"]
[BlackClock "0:00:48"]

1. d4 Nf6 2. c4 g6 3. Nc3 Bg7 4. e4 d6 5. Nf3 O-O 6. Be2 e5 7. O-O Nc6 8. d5 Ne7 9. Ne1 Nd7 10. Be3 f5 11. f3 a5 12. a3 Nc5 13. Nd3 b6 14. Rc1 Ba6 15.
b4 Nd7 16. c5 axb4 17. axb4 bxc5 18. bxc5 Bxd3 19. cxd6 cxd6 20.
Qxd3 Ra3 21. Qb5 fxe4 22. fxe4 Rxf1+ 23. Bxf1 Nf6 24. Qb4 Ra8 25. h3 Rb8 26. Nb5 Ne8 27. Be2 Bf8 28. Rf1 Nc8 29. Qc4 h5 30. Ra1 Be7 31. Ra6 Bg5 32. Bf2 Bh6 33. Ra3 Ne7 34. Na7 Rb1+ 35. Kh2 Rc1 36. Rc3 Rxc3 37. Qxc3 Nf6 38. Qc4 Kg7 39. Nc6 Qd7 40. Bb6 Qb7 41. Bf2 Qd7 42. Qa4 Neg8 43. Bb5 Qf7 44. Ba7 g5 45. Bd3 g4 46. Qc2 h4 47. Qe2 Bf4+ 48. Kh1 Nh6 49. Bf2 Bg3 50. Nd8 Qh5 51. Ne6+ Kh8 52. Be3 Nhg8 53. Qd1 Qg6 54. Qc2 Be1 55. Ng5 Nh7 56. Nxh7 Kxh7 57. Qc7+ Kh8 58. hxg4 Qxg4 59. Qxd6 Qg3 60. Qb6 Ba5 61. Qa7 Nf6 62. Qxa5 Qxe3 63. Qc3 Kg7 64. Qc2 Qe1+ 65. Kh2 Ng4+ 0-1

[Event "African Championship"]
[Site "followchess.com"]
[Date "2021.05.26"]
[Round "8"]
[White "Abdulraheem Abdulrahman Akint"]
[Black "Chipanga, Chiletso"]
[Result "0-1"]
[ECO "A45"]
[WhiteElo "2264"]
[BlackElo "2043"]
[PlyCount "150"]
[EventDate "2021.??.??"]
[TimeControl "7200+30"]
[WhiteClock "0:11:20"]
[BlackClock "0:00:31"]

1. d4 Nf6 2. Bg5 c6 3. Bxf6 exf6 4. e3 d5 5. Nd2 Qb6 6. Qc1 Bf5 7. Ngf3 g5 8. Bd3 Bxd3 9. cxd3 Na6 10. a3 Nc7 11. Qc2 a5 12. O-O Ne6 13.
Rfc1 Bd6 14. Nb3 Qc7 15. g3 h5 16. e4 a4 17. exd5 cxd5 18.
Qxc7 Nxc7 19. Nc5 Ra7 20. b3 axb3 21. Nxb3 Kd7 22. Nc5+ Bxc5 23. dxc5 Ne6 24. Rab1 Kc7 25. Rc3 Rha8 26. Rcb3 g4 27. Ne1 d4 28. Rb6 Rd8 29. Nc2 Rd5 30. R6b4 Ng5 31. Kg2 Nf3 32. Ne1 Ne5 33. Nc2 Nf3 34. Ne1 Ng5 35. Nc2 Ne6 36. Rb5 f5 37. R1b4 f4 38. gxf4 Nxf4+ 39. Kf1 Ne6 40. Rc4 Ra8 41. a4 h4 42. c6 Rxb5 43. axb5 Rd8 44. Nb4 Rd6 45. Rc2 bxc6 46. Nxc6 Kb6 47. Ne5 Rd5 48. Nxg4 Rxb5 49. Rc1 Nf4 50. Rd1 Kc7 51. Nf6 Kd6 52. Ne4+ Kd5 53. Ng5 Rb3 54. Nxf7 Nxd3 55. Nh6 Nb2 56. Ra1 Rf3 57. Ng4 h3 58. Ke2 Rc3 59. Ra8 d3+ 60. Kf3 d2+ 61. Ne3+ Ke6 62. Ke2 Rxe3+ 63. Kxd2 Nc4+ 64. Kd1 Rb3 65. Rg8 Ne5 66. Ke2 Kf5 67. Rf8+ Ke4 68. Rh8 Ng6 69. f3+ Kf5 70. Rh5+ Kf6 71. Kf2 Rb2+ 72. Kg1 Nf4 73. Rh8 Rg2+ 74. Kh1 Ne2 75. Rf8+ Ke5 0-1

[Event "African Championship"]
[Site "followchess.com"]
[Date "2021.05.26"]
[Round "8"]
[White "Bwalya, Gillan"]
[Black "Amin, Bassem"]
[Result "0-1"]
[ECO "E91"]
[WhiteElo "2405"]
[BlackElo "2701"]
[PlyCount "157"]
[EventDate "2021.??.??"]
[TimeControl "7200+30"]
[WhiteClock "0:01:46"]
[BlackClock "0:00:51"]

1. d4 Nf6 2. c4 g6 3. Nc3 Bg7 4. e4 d6 5. Nf3 O-O 6. Be2 Nbd7 7. O-O e5 8. Be3 h6 9. dxe5 dxe5 10. Nd2 c6 11. b4 Qe7 12. Qa4 Rd8 13. Nb3 Nf8 14. Bc5 Qc7 15. b5 Ne6 16. bxc6 Nxc5 17. Nxc5 bxc6 18. Nb3 Be6 19. Rac1 Bf8 20. c5 Bxb3 21. axb3 Bxc5 22. Qc4 Bb6 23. Na4 Rac8 24. Qc2 Bd4 25. Ba6 Rb8 26. h3 Rd6 27.
Bc4 Rbd8 28. Qe2 Nh5 29. Kh2 Qe7 30. Rcd1 Nf4 31. Qg4 h5 32. Qf3 Rf6 33. Rd2 Kg7 34. Qd1 h4 35. Qg4 Rh8 36. Nb2 Bxb2 37.
Rxb2 Rd6 38. Ra2 Rhd8 39. Rfa1 R8d7 40. Qf3 Rd2 41. Rxd2 Rxd2 42. Qe3 Rd4 43. Ra5 Nh5 44. Ra6 Nf6 45. Rxc6 Nxe4 46. Ra6 Qc7 47. Qf3 Nd6 48. Rc6 Qe7 49. Ba6 e4 50. Qf4 g5 51. Qc1 Qe5+ 52.
Kg1 Rd5 53. Be2 Qd4 54. Bh5 Ra5 55. Qe1 Ra2 56. Bg4 Qe5 57.
Qe3 Ra1+ 58. Rc1 Rxc1+ 59. Qxc1 Nb5 60. Be2 Nd4 61. Bc4 a5 62. Qe3 Kg6 63. Qc1 Nf5 64. Be2 Nd4 65. Bc4 Kf6 66. Qd1 e3 67. Qh5 exf2+ 68. Kxf2 Qf4+ 69. Kg1 Qc1+ 70. Kh2 Qf4+ 71. Kg1 Ke7 72. Qd1 Qe3+ 73. Kh2 Qe5+ 74. Kg1 Nf5 75. Kh1 Ng3+ 76. Kg1 a4 77. Kf2 a3 78. Qc2 a2 79. Qc1 0-1

[Event "African Championship"]
[Site "followchess.com"]
[Date "2021.05.26"]
[Round "8"]
[White "Calicoca, Wilton Inacio"]
[Black "Ajibola, Olanrewaju"]
[Result "0-1"]
[ECO "B01"]
[WhiteElo "2122"]
[BlackElo "2337"]
[PlyCount "114"]
[EventDate "2021.??.??"]
[TimeControl "7200+30"]
[WhiteClock "0:47:36"]
[BlackClock "0:03:00"]

1. e4 d5 2. exd5 Qxd5 3. Nc3 Qa5 4. d4 c6 5. Bc4 Nf6 6. Nf3 Bf5 7. Qe2 e6 8. Bb3 Ne4 9. O-O Nxc3 10. bxc3 Be7 11. Bd2 Nd7 12. c4 Qc7 13. d5 O-O 14. Nd4 Bc5 15. Nxf5 exf5 16. Rae1 Bd6 17. h3 Nf6 18. Be3 c5 19. Qf3 Qd7 20. Bc1 Rfe8 21. c3 Rxe1 22. Rxe1 Re8 23. Rd1 Qe7 24. Bf4 Ne4 25. Ba4 Rd8 26. Re1 Qf6 27. Bxd6 Nxd6 28. Qe3 g6 29. Qe7 Kg7 30. Re6 Qxe7 31. Rxe7 a6 32. Rc7 b5 33. Bc2 Rc8 34. Ra7 Nxc4 35. Rxa6 Rd8 36. Rc6 Na3 37. Rxc5 Nxc2 38. Rxb5 Rc8 39. Rb3 Kf6 40. a4 Ke5 41. Rb7 Kxd5 42. Rxf7 h5 43. Rf6 Rc6 44. Rxc6 Kxc6 45. Kh2 Ne1 46. Kg3 g5 47. f4 h4+ 48. Kf2 Nd3+ 49. Kf3 Nxf4 50. g3 hxg3 51. Kxg3 Ne2+
52. Kg2 Nxc3 53. a5 Ne4 54. h4 gxh4 55. Kh3 f4 56. Kg4 h3 57.
Kxh3 f3 0-1

[Event "African Championship"]
[Site "followchess.com"]
[Date "2021.05.26"]
[Round "8"]
[White "Fawzy, Adham"]
[Black "Barrish, Daniel"]
[Result "1-0"]
[ECO "B12"]
[WhiteElo "2473"]
[BlackElo "2306"]
[PlyCount "89"]
[EventDate "2021.??.??"]
[TimeControl "7200+30"]
[WhiteClock "0:30:54"]
[BlackClock "0:54:33"]

1. e4 c6 2. d4 d5 3. f3 dxe4 4. fxe4 e5 5. Nf3 Bg4 6. Bc4 Nd7 7. O-O Ngf6 8. c3 Bd6 9. Bg5 O-O 10. Nbd2 b5 11. Bd3 Qc7 12. Qe1 h6 13.
Be3 Be6 14. h3 Nh5 15. Qh4 exd4 16. Bxh6 Ndf6 17. e5 Bxe5 18. Ne4 gxh6 19. cxd4 Bg3 20. Nxf6+ Nxf6 21. Qxh6 Qf4 22. Ng5 Qe3+ 23.
Kh1 Qxd3 24. Rxf6 Bd5 25. Ne6 fxe6 26. Qg5+ Kh8 27. Rh6+ Qh7 28. Rxh7+ Kxh7 29. Qxg3 Rf7 30. Re1 Rg7 31. Qh4+ Kg8 32. Re2 Bxa2 33. Re5 Bd5 34. Rg5 a5 35. Kh2 b4 36. g4 Rxg5 37. Qxg5+ Kf7 38. Qh6 Kg8 39. Qg6+ Kh8 40. Qf7 a4 41. g5 e5 42. Qe7 a3 43. g6 Kg8 44. Qh7+ Kf8 45. g7+ 1-0

[Event "African Championship"]
[Site "followchess.com"]
[Date "2021.05.26"]
[Round "8"]
[White "Ikhimiukor, Ehidiamen"]
[Black "Mwali, Chitumbo"]
[Result "0-1"]
[ECO "E10"]
[WhiteElo "1946"]
[BlackElo "2285"]
[PlyCount "134"]
[EventDate "2021.??.??"]
[TimeControl "7200+30"]
[WhiteClock "0:25:56"]
[BlackClock "0:13:59"]

1. d4 Nf6 2. Nf3 e6 3. c4 c5 4. e3 cxd4 5. exd4 d6 6. Nc3 Be7 7. Be2 O-O 8. O-O b6 9. Bf4 Bb7 10. Qd2 Nbd7 11. Rfd1 Rc8 12. b3 a6 13. Rac1 Re8 14. Qd3 Bf8 15. Bg5 Qc7 16. Nd2 Qb8 17. Bf3 Bxf3 18.
Qxf3 b5 19. Rb1 Qc7 20. Rbc1 bxc4 21. bxc4 Qa5 22. h4 h6 23. Bxf6 Nxf6 24. Rb1 Rb8 25. Rb3 Rxb3 26. axb3 Qb6 27. Qd3 g6 28. Nce4 Nd7 29. Nf3 Bg7 30. Rc1 f5 31. Ned2 a5 32. Ra1 Kh8 33. Qc3 e5 34. dxe5 Ra8 35. Ra4 dxe5 36. Qe3 Nc5 37. Ra2 e4 38. Ne1 Rd8 39. Nc2 Qc7 40. b4 Ne6 41. bxa5 Rd3 42. Qb6 Qxb6 43. axb6 Rxd2 44. Ra8+ Kh7 45. Ne3 Rb2 46. Nd5 f4 47. Re8 Nc5 48. Re7 Kg8 49. Rc7 Bd4 50. Ne7+ Kf8 51. Nxg6+ Ke8 52. Nxf4 Rxf2 53. Rc8+ Kd7 54. Rc7+ Kd8 55. Nd5 Rf7+ 56. Kh1 Rf1+ 57. Kh2 Be5+ 58. Kh3 Bxc7 59. bxc7+ Kd7 60. Kg4 Ne6 61. Kh5 Nf4+ 62. Kxh6 Nxd5 63. cxd5 e3 64. g4 e2 65. g5 e1=Q 66. g6 Qxh4+ 67. Kg7 Qf6+ 0-1

[Event "African Championship"]
[Site "followchess.com"]
[Date "2021.05.26"]
[Round "8"]
[White "Mhango, Banele"]
[Black "Kawuma, Patrick"]
[Result "1/2-1/2"]
[ECO "D02"]
[WhiteElo "2117"]
[BlackElo "2323"]
[PlyCount "82"]
[EventDate "2021.??.??"]
[TimeControl "7200+30"]
[WhiteClock "0:38:50"]
[BlackClock "0:43:54"]

1. d4 d5 2. Nf3 Nf6 3. c4 e6 4. g3 Bb4+ 5. Bd2 Be7 6. Bg2 O-O 7. Qc2 Nbd7 8. h4 c5 9. cxd5 exd5 10. O-O b6 11. Nc3 Bb7 12. Rfd1 Rc8 13.
Bh3 a6 14. Bg5 c4 15. Bxf6 Bxf6 16. Qf5 Nb8 17. Ng5 g6 18. Qf4 Rc7 19. Bg2 Rd7 20. Nh3 Bg7 21. Qg5 b5 22. a3 Qb6 23. e3 Rfd8 24. Nf4 h6 25.
Qg4 a5 26. Qf3 Na6 27. g4 Nc7 28. Qg3 Rd6 29. Bf3 Bc6 30. g5 h5 31. Qg2 Qb7 32. Nce2 Ne6 33. Nxe6 Rxe6 34. Nf4 Ree8 35. Rdc1 Rd6 36. Rab1 b4 37. axb4 axb4 38. Ra1 Ra8 39. Rxa8+ Qxa8 40. Qf1 Rd8 41. Ra1 Qb8 1/2-1/2

[Event "African Championship"]
[Site "followchess.com"]
[Date "2021.05.26"]
[Round "8"]
[White "Mphungu, Gerrard"]
[Black "Wageih, Kareim"]
[Result "0-1"]
[ECO "E11"]
[WhiteElo "2096"]
[BlackElo "2425"]
[PlyCount "80"]
[EventDate "2021.??.??"]
[TimeControl "7200+30"]
[WhiteClock "0:57:46"]
[BlackClock "0:36:55"]

1. d4 Nf6 2. c4 e6 3. Nf3 Bb4+ 4. Bd2 Qe7 5. Nc3 O-O 6. Qc2 d6 7. a3 Bxc3 8. Bxc3 Nbd7 9. e4 e5 10. d5 Nc5 11. Nd2 a5 12. b4 axb4 13.
axb4 Rxa1+ 14. Bxa1 Na6 15. Bc3 Nh5 16. g3 f5 17. Bg2 f4 18.
O-O Bg4 19. Qd3 Qg5 20. f3 fxg3 21. fxg4 Nf4 22. Qf3 Qh6 23. hxg3 Nh3+ 24. Bxh3 Rxf3 25. Rxf3 Qxh3 26. Kf2 Nb8 27. g5 Qg4 28. Ke3 Qxg5+ 29. Kd3 Nd7 30. Nf1 Nf6 31. Ne3 Qg6 32. Nf5 Qg4 33. Re3 Nxe4 34. Ne7+ Kf7 35. Rxe4 Qd1+ 36. Bd2 Kxe7 37. g4 Qf3+ 38. Be3 h6 39. c5 Qd1+ 40. Bd2 Qb3+ {[%emt 0:00:00] -error} 0-1

[Event "African Championship"]
[Site "followchess.com"]
[Date "2021.05.26"]
[Round "8"]
[White "Mulenga, Prince Daniel"]
[Black "Methu, Joseph Muragu"]
[Result "1/2-1/2"]
[ECO "A40"]
[WhiteElo "2246"]
[BlackElo "2119"]
[PlyCount "60"]
[EventDate "2021.??.??"]
[TimeControl "7200+30"]
[WhiteClock "0:27:40"]
[BlackClock "0:24:38"]

1. d4 g6 2. e4 Bg7 3. c3 c5 4. dxc5 Na6 5. Be3 Qc7 6. Na3 Nxc5 7. Nb5 Qc6 8. Qd5 Ne6 9. f3 a6 10. Qxc6 dxc6 11. Na3 b5 12. Nc2 Nf6 13. a4 Bd7 14. Nh3 O-O 15. Nf2 c5 16. a5 Bc6 17. Be2 Rfd8 18. O-O g5 19.
Rfd1 Kf8 20. Nd3 Nd7 21. Rd2 Ne5 22. Nxe5 Bxe5 23. g3 Rxd2 24. Bxd2 Rd8 25. Be3 Bf6 26. Kf2 g4 27. fxg4 Bxe4 28. Ne1 Bg5 29. h4 Bxe3+ 30. Kxe3 Bb7 {[%emt 0:00:21] -error} 1/2-1/2

[Event "African Championship"]
[Site "followchess.com"]
[Date "2021.05.26"]
[Round "8"]
[White "Mwale, Joseph"]
[Black "Hesham, Abdelrahman"]
[Result "0-1"]
[ECO "A05"]
[WhiteElo "2148"]
[BlackElo "2400"]
[PlyCount "68"]
[EventDate "2021.??.??"]
[TimeControl "7200+30"]
[WhiteClock "0:09:21"]
[BlackClock "0:11:21"]

1. Nf3 Nf6 2. g3 d5 3. Bg2 e6 4. O-O Be7 5. d4 O-O 6. c4 dxc4 7. Qc2 b5 8. a4 b4 9. Nfd2 Nd5 10. Nxc4 c5 11. e4 Nb6 12. e5 Nd5 13.
dxc5 Ba6 14. Rd1 Nd7 15. Ne3 Rc8 16. Nxd5 exd5 17. c6 Nxe5 18. Bxd5 Nxc6 19. Be3 Qe8 20. Qf5 Bd6 21. Be4 g6 22. Qf3 Ne5 23. Qg2 Ng4 24. Bxa7 Be5 25. Nd2 Bxb2 26. Rab1 Bc3 27. Bf3 Ne5 28. Ne4 Qe7 29. Bd4 Rfd8 30. Nxc3 bxc3 31. Bxe5 c2 32. Rxd8+ Rxd8 33. Rc1 Qxe5 34. Qh3 Rd1+ 0-1

[Event "African Championship"]
[Site "followchess.com"]
[Date "2021.05.26"]
[Round "8"]
[White "Nassr, Ali"]
[Black "Okeke Issac"]
[Result "1-0"]
[ECO "E21"]
[WhiteElo "2232"]
[BlackElo "2097"]
[PlyCount "67"]
[EventDate "2021.??.??"]
[TimeControl "7200+30"]
[WhiteClock "0:08:19"]
[BlackClock "0:19:01"]

1. d4 Nf6 2. Nf3 e6 3. c4 Bb4+ 4. Nc3 c5 5. dxc5 Ne4 6.
Qd4 Qa5 7. Qxg7 Rf8 8. Bd2 Nxd2 9. Nxd2 Qxc5 10. e3 Qf5 11.
a3 Be7 12. Nde4 Qg6 13. Qxg6 hxg6 14. Nb5 Kd8 15. Be2 f5 16. Nec3 a6 17. Nd4 Nc6 18. O-O d6 19. Rfd1 Bd7 20. Rac1 Rc8 21. Nxc6+ Bxc6 22. b4 Ke8 23. a4 Kf7 24. b5 axb5 25. axb5 Bd7 26. Na4 Rfd8 27. Nb6 Rc5 28. Bf3 d5 29. Be2 Be8 30. Na4 Rcc8 31. cxd5 exd5 32. Rc3 Rc7 33. Rxc7 Rc8
34. Rxc8 1-0